 Dungeon Crawl Stone Soup version 0.32-a0-918-g0f22ef8d61 (webtiles) character file.

Game seed: 1837028225159517793

2 Fodor the Shield-Bearer (level 1, 0/17 (20) HPs)
             Began as a Minotaur Fighter on Apr 11, 2024.
             Slain by a gnoll
             ... wielding a +1 flail of draining
              (2 damage)
             ... on level 1 of the Dungeon.
             The game lasted 00:00:11 (58 turns).

Fodor the Shield-Bearer (Minotaur Fighter)            Turns: 58, Time: 00:00:12

HP:   0/17 (20)     AC:  6    Str: 20    XL:     1   Next: 33%
MP:   0/0           EV:  8    Int:  5    God:
Gold: 17            SH:  4    Dex:  9    Spells: 0/0 levels left

rFire   . . .        a - +0 trident
rCold   . . .        c - +0 buckler
rNeg    . . .        b - +0 scale mail
rPois   .            (helmet restricted)
rElec   .            (no cloak)
rCorr   .            (no gloves)
SInv    .            (no boots)
Will    .....        (no amulet) Stlth
                     (no ring)
HPRegen 0.22/turn    (no ring)
MPRegen 0.07/turn

%: no passive effects
@: heavily drained
A: horns 2, retaliatory headbutt
a: no special abilities


You were on level 1 of the Dungeon.
You visited 1 branch of the dungeon, and saw 1 of its levels.

You collected 17 gold pieces.

Inventory:

Hand Weapons
 a - a +0 trident (weapon)
Armour
 b - a +0 scale mail (worn)
 c - a +0 buckler (worn)
Scrolls
 e - a scroll of revelation {unknown}
Potions
 d - 2 potions of might


   Skills:
 + Level 3.6 Fighting
 + Level 2.6 Polearms
 + Level 3.6 Armour
 + Level 3.6 Shields


You couldn't memorise any spells.
You didn't know any spells.
Your spell library was empty.

Dungeon Overview and Level Annotations

Branches:
Dungeon (1/15)

Altars:


Innate Abilities, Weirdness & Mutations

You have a pair of horns on your head.
You reflexively headbutt those who attack you in melee.


Message History

Are you destined to find the glorious Orb of Zot, or to die trying?
Press ? for a list of commands and other information.
Found a potion of might.
Found a staircase leading out of the dungeon.
d - 2 potions of might (gained 1)
There is a staircase leading out of the dungeon here.
You open the door.
Nothing quivered!
There is an open door here.
As you open the door, it creaks loudly!
e - a scroll labelled YFORUD EKLUITUQUHE You now have 8 gold pieces.
You now have 17 gold pieces (gained 9).
A goblin comes into view. It is wielding a +0 club.
The goblin shouts!
A hobgoblin comes into view.
You closely miss the goblin.
A gnoll comes into view. It is wielding a +1 flail of draining.
The goblin barely misses you.
The gnoll shouts!
You puncture the goblin!
You kill the goblin!
You hear a shout!
The hobgoblin attacks as it pursues you!
The hobgoblin hits you.
You see here a +0 club.
The gnoll hits you with a +1 flail of draining.
You feel drained.
A hobgoblin comes into view.
The hobgoblin attacks as it pursues you!
The hobgoblin closely misses you.
The hobgoblin attacks as it pursues you!
The hobgoblin barely misses you. You furiously retaliate!
You headbutt the hobgoblin!
You kill the hobgoblin!
You hit the gnoll but do no damage.
The gnoll hits you with a +1 flail of draining!
* * * LOW HITPOINT WARNING * * *
You feel drained.
You die...

###g # .... #.
..g.. #
#.####.....
###.#.#@......#
......†g......+
#####..).##...#
####..# ..#
#.....# #
#.###.# #.# .#
#.# .# #.# .#


You could see a gnoll and a hobgoblin.

Vanquished Creatures
  A goblin (D:1)
  A hobgoblin (D:1)
2 creatures vanquished.

Notes
Turn   | Place    | Note
-------+----------+-------------------------------------------
     0 | D:1      | Fodor the Minotaur Fighter began the quest for the Orb.
     0 | D:1      | Reached XP level 1. HP: 19/19 MP: 0/0
    58 | D:1      | Slain by a gnoll

Illustrated notes

Levels and vault maps discovered:
D:1:      dpeg_arrival_erosion, layout_basic

Action                     || total
---------------------------++-------
  Melee: Trident           ||     3
 Armour: Scale mail        ||     3
  Dodge: Dodged            ||     3

Table legend: (Time is in decaauts)
 A = Elapsed time spent in this place.
 B = Non-inter-level travel time spent in this place.
 C = Inter-level travel time spent in this place.
 D = Time resting spent in this place.
 E = Time spent auto-exploring this place.
 F = Levels seen in this place.
 G = Mean time per level.
                   A        B        C        D        E       F      G
               +--------+--------+--------+--------+--------+-----+--------+
         Total |     58 |     58 |      0 |      0 |     42 |   1 |   58.0 |
       Dungeon |     58 |     58 |      0 |      0 |     42 |   1 |   58.0 |
               +--------+--------+--------+--------+--------+-----+--------+

Top non-repeatable levels by time:
     D:1: 58 daAuts
